[Event "11th Chennai Open-GM 2019"]
[Site "Chennai"]
[Date "2019.01.20"]
[Round "4"]
[White "Rajesh, V A V"]
[Black "Saurabh Anand"]
[Result "1/2-1/2"]
[ECO "D31"]
[WhiteElo "2410"]
[BlackElo "2210"]
[Annotator "RC"]
[PlyCount "56"]
[EventDate "2019.01.18"]
[EventType "swiss"]
[EventCountry "IND"]
[SourceTitle "playchess.com"]
[Source "ChessBase"]
[SourceQuality "1"]
[TimeControl "5400+30"]

1. d4 d5 2. c4 e6 3. Nc3 Be7 4. cxd5 exd5 5. Nf3 Nf6 6. Bg5 c6 7. Qc2 g6 8. e3 Bf5 9. Bd3 Bxd3 10. Qxd3 O-O 11. O-O Nbd7 12. Rab1 a5 13. Rfc1 Re8 14. Nd2 Nh5 15. Bxe7 Qxe7 16. b3 f5 17. Re1 Nhf6 18. f3 Nb6 19. Na4 Nc8 20. Rbc1 Nd6 21. Nc3 Kh8 22. Re2 Qe6 23. Rce1 Re7 24. Na4 Nd7 25. Nc3 Nf6 26. Na4 Nd7 27. Nc5 Nxc5 28. dxc5 Nf7 1/2-1/2

[Event "11th Chennai Open-GM 2019"]
[Site "Chennai"]
[Date "2019.01.20"]
[Round "4"]
[White "Varshini, V."]
[Black "Czebe, Attila"]
[Result "0-1"]
[ECO "B23"]
[WhiteElo "2171"]
[BlackElo "2418"]
[Annotator "ChessBase"]
[PlyCount "125"]
[EventDate "2019.01.18"]
[EventType "swiss"]
[EventCountry "IND"]
[SourceTitle "playchess.com"]
[Source "ChessBase"]
[SourceQuality "1"]
[TimeControl "5400+30"]

1. e4 c5 2. Nc3 a6 3. a4 Nc6 4. Nge2 e6 5. d4 cxd4 6. Nxd4 Qc7 7. Be2 Nf6 8. O-O Bb4 9. Nxc6 bxc6 10. Be3 O-O 11. Bf3 Rb8 12. g3 d5 13. exd5 cxd5 14. a5 Bc5 15. Bd4 Bxd4 16. Qxd4 e5 17. Nxd5 Nxd5 18. Qxd5 Rxb2 19. Qc6 Qxc6 20. Bxc6 Be6 21. Be4 Bc4 22. Rfd1 g6 23. Rd6 Kg7 24. Bd3 Bxd3 25. cxd3 Ra8 26. d4 e4 27. Rc1 Ra2 28. Rd5 Rb8 29. Re5 Rbb2 30. Rf1 f5 31. Kg2 Rd2 32. g4 Kf6 33. gxf5 gxf5 34. Rc5 Kg5 35. Kg3 Ra3+ 36. f3 Rxd4 37. h4+ Kf6 38. Rc6+ Ke5 39. Rxa6 Rdd3 40. Ra8 Rxf3+ 41. Rxf3 Rxf3+ 42. Kg2 Kf4 43. a6 Rg3+ 44. Kf2 e3+ 45. Ke2 Rg2+ 46. Kd3 Rd2+ 47. Kc3 Ra2 48. a7 e2 49. Re8 Rxa7 50. Rxe2 Kg3 51. h5 f4 52. Re8 Ra5 53. h6 Ra6 54. Rg8+ Kf3 55. Kd2 Rxh6 56. Ke1 Rh1+ 57. Kd2 h5 58. Ra8 h4 59. Ra3+ Kf2 60. Ra2 h3 61. Kd3+ Kf3 62. Ra8 h2 63. Kd4 0-1

[Event "11th Chennai Open-GM 2019"]
[Site "Chennai"]
[Date "2019.01.21"]
[Round "5"]
[White "Pantsulaia, Levan"]
[Black "Gokhale, Chandrashekhar"]
[Result "1-0"]
[ECO "A10"]
[WhiteElo "2597"]
[BlackElo "2198"]
[Annotator "RC"]
[PlyCount "89"]
[EventDate "2019.01.18"]
[EventType "swiss"]
[EventCountry "IND"]
[SourceTitle "playchess.com"]
[Source "ChessBase"]
[SourceQuality "1"]
[TimeControl "5400+30"]

1. c4 d6 2. Nc3 Nf6 3. g3 e5 4. Nf3 Be7 5. d4 Nbd7 6. Bg2 O-O 7. O-O c6 8. Qd3 Qc7 9. b3 Re8 10. Bb2 Bf8 11. Nd2 a5 12. e3 Nb6 13. Rac1 a4 14. b4 a3 15. Ba1 exd4 16. Qxd4 Na4 17. Nxa4 Rxa4 18. Qc3 Qe7 19. Qb3 Ra8 20. b5 Bd7 21. Rfd1 Qe6 22. Qb1 Ng4 23. Rc3 Qh6 24. h3 Nf6 25. g4 Qg6 26. bxc6 Bxc6 27. Rb3 Ba4 28. Rxb7 Bxd1 29. Qxd1 Rab8 30. Ra7 h5 31. gxh5 Qg5 32. Rxa3 Nd7 33. Ra7 Rxe3 34. Rxd7 Rd3 35. Bc3 Rxc3 36. Ne4 Qf5 37. Rxf7 Qxf7 38. Nxc3 Kh8 39. Bd5 Qf4 40. Ne4 Be7 41. a4 Bf6 42. Qg4 Qc1+ 43. Kg2 Be5 44. Ng5 Qf4 45. Nf7+ 1-0

[Event "11th Chennai Open-GM 2019"]
[Site "Chennai"]
[Date "2019.01.21"]
[Round "6"]
[White "Rozum, Ivan"]
[Black "Varga, Klara"]
[Result "1-0"]
[ECO "A18"]
[WhiteElo "2589"]
[BlackElo "2244"]
[Annotator "ChessBase"]
[PlyCount "47"]
[EventDate "2019.01.18"]
[EventType "swiss"]
[EventCountry "IND"]
[SourceTitle "playchess.com"]
[Source "ChessBase"]
[SourceQuality "1"]
[TimeControl "5400+30"]

1. c4 Nf6 2. Nc3 e6 3. e4 d5 4. cxd5 exd5 5. e5 d4 6. exf6 dxc3 7. Bb5+ c6 8. Qe2+ Be6 9. Bc4 cxd2+ 10. Bxd2 Qxf6 11. Bc3 Qg6 12. Nf3 Be7 13. Bxe6 fxe6 14. O-O O-O 15. Rad1 Na6 16. Rd7 Rae8 17. Ne5 Qf5 18. Rxb7 Nc5 19. Rxe7 Rxe7 20. Bb4 Ne4 21. Bxe7 Re8 22. Nxc6 Qd5 23. Qa6 Nd2 24. Re1 1-0

[Event "11th Chennai Open-GM 2019"]
[Site "Chennai"]
[Date "2019.01.21"]
[Round "6"]
[White "Stupak, Kirill"]
[Black "Tran, Minh Thang"]
[Result "1-0"]
[ECO "D15"]
[WhiteElo "2542"]
[BlackElo "2355"]
[Annotator "ChessBase"]
[PlyCount "51"]
[EventDate "2019.01.18"]
[EventType "swiss"]
[EventCountry "IND"]
[SourceTitle "playchess.com"]
[Source "ChessBase"]
[SourceQuality "1"]
[TimeControl "5400+30"]

1. d4 d5 2. Nf3 Nf6 3. c4 c6 4. Nc3 a6 5. a4 e6 6. Bg5 dxc4 7. e4 b5 8. axb5 cxb5 9. e5 h6 10. Bd2 Nd5 11. Nxb5 axb5 12. Rxa8 Bb7 13. Ra1 Nc6 14. Be2 Qb6 15. O-O Nxd4 16. Nxd4 Qxd4 17. b3 Qxe5 18. bxc4 Bd6 19. g3 bxc4 20. Ra7 Bc6 21. Ra6 Bb7 22. Qa4+ Ke7 23. Ra7 Qxe2 24. Rxb7+ Kf6 25. Qd7 Be7 26. Bb4 1-0

[Event "11th Chennai Open-GM 2019"]
[Site "Chennai"]
[Date "2019.01.21"]
[Round "6"]
[White "Megaranto, Susanto"]
[Black "Suvrajit, Saha"]
[Result "1/2-1/2"]
[ECO "D02"]
[WhiteElo "2530"]
[BlackElo "2221"]
[Annotator "ChessBase"]
[PlyCount "112"]
[EventDate "2019.01.18"]
[EventType "swiss"]
[EventCountry "IND"]
[SourceTitle "playchess.com"]
[Source "ChessBase"]
[SourceQuality "1"]
[TimeControl "5400+30"]

1. d4 d5 2. Nf3 Nf6 3. Bf4 e6 4. e3 Bd6 5. Bg5 h6 6. Bh4 c5 7. Nbd2 O-O 8. c3 Nc6 9. Bb5 cxd4 10. exd4 Bd7 11. O-O Be7 12. Bd3 Nh5 13. Bxe7 Qxe7 14. Re1 Rfd8 15. g3 Nf6 16. Qe2 Be8 17. Nh4 Qc7 18. f4 Rab8 19. Nhf3 b5 20. b4 a5 21. a3 Ne7 22. Rac1 Nc8 23. Nb3 axb4 24. axb4 Nd6 25. Nc5 Ra8 26. Ra1 Nfe4 27. Qb2 Rdc8 28. Rxa8 Rxa8 29. Ra1 Qc8 30. Ra3 Bc6 31. Ne5 Bb7 32. Kf1 f6 33. Nf3 Nc4 34. Rxa8 Qxa8 35. Bxc4 dxc4 36. Ne1 Bd5 37. Nxe4 Bxe4 38. Kf2 Qa4 39. Qe2 f5 40. Qd2 Qa1 41. h3 Bd5 42. Qc2 Be4 43. Qd2 Qb1 44. Ke2 Qa1 45. Kf2 Qa8 46. Qe2 Kh7 47. Kg1 Qa1 48. Qd2 Bb7 49. Kf2 Bd5 50. Qc2 Be4 51. Qd2 Qa7 52. Qe2 Qa1 53. Qd2 Qb1 54. Ke2 Qa1 55. Kf2 Qb1 56. Ke2 Qa1 1/2-1/2

[Event "11th Chennai Open-GM 2019"]
[Site "Chennai"]
[Date "2019.01.21"]
[Round "6"]
[White "Gajek, Radoslaw"]
[Black "Harshavardhan G B"]
[Result "1-0"]
[ECO "A05"]
[WhiteElo "2481"]
[BlackElo "2275"]
[Annotator "ChessBase"]
[PlyCount "157"]
[EventDate "2019.01.18"]
[EventType "swiss"]
[EventCountry "IND"]
[SourceTitle "playchess.com"]
[Source "ChessBase"]
[SourceQuality "1"]
[TimeControl "5400+30"]

1. Nf3 Nf6 2. c4 e6 3. g3 d5 4. Bg2 Be7 5. d4 O-O 6. O-O c6 7. Nbd2 b6 8. Qc2 Bb7 9. e4 Na6 10. a3 Qc8 11. e5 Nd7 12. cxd5 cxd5 13. Qd1 Qc7 14. Re1 Rac8 15. Nf1 Qc2 16. Qxc2 Rxc2 17. Ne3 Rc7 18. Bd2 Nab8 19. Rac1 Rfc8 20. Rxc7 Rxc7 21. Rc1 Rxc1+ 22. Bxc1 Nc6 23. Bd2 f6 24. exf6 Bxf6 25. Bc3 Kf7 26. Bf1 a5 27. Ng4 Ndb8 28. Bd3 Ba6 29. Bxh7 Be2 30. Kg2 Bxf3+ 31. Kxf3 g6 32. Bg8+ Ke7 33. Bh7 Kf7 34. Bg8+ Ke7 35. Ke3 b5 36. b4 axb4 37. axb4 Bh8 38. h4 Na6 39. Ne5 Bxe5 40. dxe5 Naxb4 41. Bb2 d4+ 42. Ke4 Nc2 43. g4 Nd8 44. h5 gxh5 45. gxh5 Kf8 46. Bh7 Kg7 47. Bg6 b4 48. f4 Nc6 49. Be8 Ne7 50. Bd7 Nd5 51. Bxe6 d3 52. h6+ Kxh6 53. Bc1 b3 54. f5+ Kg7 55. Kxd3 Ncb4+ 56. Kc4 Nf4 57. Bxf4 b2 58. f6+ Kg6 59. f7 b1=Q 60. f8=Q Qe4+ 61. Kb3 Qb1+ 62. Kc4 Qe4+ 63. Kb3 Qb1+ 64. Ka4 Qd1+ 65. Kxb4 Qd4+ 66. Kb5 Qd3+ 67. Bc4 Qd7+ 68. Kc5 Qc7+ 69. Kd4 Qa7+ 70. Kd3 Qh7 71. Qg8+ Qxg8 72. Bxg8 Kf5 73. e6 Kf6 74. Ke4 Ke7 75. Ke5 Ke8 76. Kf6 Kf8 77. e7+ Ke8 78. Bf7+ Kd7 79. e8=Q# 1-0

[Event "11th Chennai Open-GM 2019"]
[Site "Chennai"]
[Date "2019.01.21"]
[Round "6"]
[White "Vignesh N R"]
[Black "Srihari L R"]
[Result "1-0"]
[ECO "B42"]
[WhiteElo "2461"]
[BlackElo "2253"]
[Annotator "ChessBase"]
[PlyCount "103"]
[EventDate "2019.01.18"]
[EventType "swiss"]
[EventCountry "IND"]
[SourceTitle "playchess.com"]
[Source "ChessBase"]
[SourceQuality "1"]
[TimeControl "5400+30"]

1. e4 c5 2. Nf3 e6 3. d4 cxd4 4. Nxd4 a6 5. Bd3 Bc5 6. Nb3 Ba7 7. Qe2 d6 8. Be3 Nc6 9. N1d2 Nf6 10. O-O Bxe3 11. Qxe3 O-O 12. Rfd1 Qc7 13. Be2 Ne5 14. h3 b5 15. a4 Bd7 16. axb5 axb5 17. f4 Ng6 18. c3 e5 19. f5 Ne7 20. g4 d5 21. Qc5 Qxc5+ 22. Nxc5 Bc6 23. Nf3 Nxe4 24. Nxe4 dxe4 25. Nxe5 b4 26. cxb4 Ba4 27. Rd4 e3 28. Ra3 h6 29. b5 Bc2 30. Rxe3 Bxf5 31. gxf5 Nxf5 32. Rdd3 Nxe3 33. Rxe3 Ra2 34. Nc4 Rb8 35. b6 Rxb2 36. Nxb2 Rxb6 37. Nc4 Rb1+ 38. Kf2 Rb7 39. Ne5 f5 40. Rf3 g5 41. Rxf5 Kg7 42. Bh5 Rb2+ 43. Kg3 Rb3+ 44. Rf3 Rb5 45. Rf7+ Kg8 46. Ng4 Rb3+ 47. Kf2 Rb2+ 48. Ke1 Rb1+ 49. Kd2 Rb2+ 50. Kc3 Rb6 51. Nf6+ Rxf6 52. Rxf6 1-0

[Event "11th Chennai Open-GM 2019"]
[Site "Chennai"]
[Date "2019.01.21"]
[Round "6"]
[White "Nguyen, Van Huy"]
[Black "Karthik Venkataraman"]
[Result "1/2-1/2"]
[ECO "D85"]
[WhiteElo "2450"]
[BlackElo "2515"]
[Annotator "RC"]
[PlyCount "62"]
[EventDate "2019.01.18"]
[EventType "swiss"]
[EventCountry "IND"]
[SourceTitle "playchess.com"]
[Source "ChessBase"]
[SourceQuality "1"]
[TimeControl "5400+30"]

1. d4 Nf6 2. c4 g6 3. Nc3 d5 4. cxd5 Nxd5 5. Bd2 Nb6 6. e4 Bg7 7. Be3 O-O 8. h3 e5 9. Nf3 exd4 10. Bxd4 Nc6 11. Bxg7 Kxg7 12. Bb5 Qf6 13. O-O Rd8 14. Qe2 Be6 15. Rfd1 Na5 16. Rxd8 Rxd8 17. Rd1 Rxd1+ 18. Qxd1 Nac4 19. Bxc4 Nxc4 20. Qe2 c6 21. Nd1 a5 22. b3 Ne5 23. Nd4 Bd7 24. Qd2 c5 25. Ne2 Qf3 26. Qd5 Qxe2 27. Qxe5+ Kg8 28. Qb8+ Kg7 29. Qe5+ Kg8 30. Qb8+ Kg7 31. Qe5+ Kg8 1/2-1/2

[Event "11th Chennai Open-GM 2019"]
[Site "Chennai"]
[Date "2019.01.21"]
[Round "6"]
[White "Shyaamnikhil P"]
[Black "Lugovskoy, Maxim"]
[Result "0-1"]
[ECO "C18"]
[WhiteElo "2446"]
[BlackElo "2445"]
[Annotator "ChessBase"]
[PlyCount "96"]
[EventDate "2019.01.18"]
[EventType "swiss"]
[EventCountry "IND"]
[SourceTitle "playchess.com"]
[Source "ChessBase"]
[SourceQuality "1"]
[TimeControl "5400+30"]

1. e4 e6 2. d4 d5 3. Nc3 Bb4 4. e5 c5 5. a3 Bxc3+ 6. bxc3 Ne7 7. Qg4 Qc7 8. Qxg7 Rg8 9. Qxh7 cxd4 10. Ne2 Nbc6 11. f4 Bd7 12. h4 O-O-O 13. Qd3 dxc3 14. Qxc3 Nf5 15. Rh3 d4 16. Qc4 f6 17. exf6 Nd6 18. Qb3 Ne4 19. f7 Rgf8 20. Qd3 Nc5 21. Qc4 Na5 22. Qb4 e5 23. Rg3 Rxf7 24. fxe5 d3 25. Re3 dxe2 26. Bxe2 b6 27. Rb1 Be6 28. h5 Nc6 29. Qc3 Nd4 30. Rb4 Nxe2 31. Kxe2 Rg8 32. Rg3 Rxg3 33. Qxg3 Rg7 34. Qf3 Qxe5+ 35. Be3 Bd5 36. Qf8+ Kb7 37. g4 Ne4 38. Bf4 Qc3 39. Qb8+ Ka6 40. Ra4+ Kb5 41. Rb4+ Ka5 42. Qe5 Qxc2+ 43. Ke1 Qf2+ 44. Kd1 Qf1+ 45. Kc2 Qf2+ 46. Kd1 Qg1+ 47. Kc2 Qc5+ 48. Kb2 Rxg4 0-1

[Event "11th Chennai Open-GM 2019"]
[Site "Chennai"]
[Date "2019.01.21"]
[Round "6"]
[White "Manik, Mikulas"]
[Black "Pranesh M"]
[Result "1/2-1/2"]
[ECO "C65"]
[WhiteElo "2413"]
[BlackElo "2125"]
[Annotator "ChessBase"]
[PlyCount "83"]
[EventDate "2019.01.18"]
[EventType "swiss"]
[EventCountry "IND"]
[SourceTitle "playchess.com"]
[Source "ChessBase"]
[SourceQuality "1"]
[TimeControl "5400+30"]

1. e4 e5 2. Nf3 Nc6 3. Bb5 Nf6 4. d3 Bc5 5. c3 d6 6. O-O O-O 7. h3 Ne7 8. Re1 Ng6 9. d4 Bb6 10. Be3 exd4 11. Bxd4 c5 12. Bxf6 Qxf6 13. Nbd2 Nf4 14. Bf1 Be6 15. h4 Rad8 16. g3 Ng6 17. Nc4 d5 18. e5 Qe7 19. Nxb6 axb6 20. Qb3 Qc7 21. Qc2 h6 22. Bg2 Ne7 23. Nd2 d4 24. Be4 Nc6 25. f4 Qd7 26. Nf3 Bg4 27. Qf2 Qe6 28. cxd4 Nxd4 29. Nh2 Bf5 30. Nf1 Rd7 31. b3 Rfd8 32. Rac1 Bxe4 33. Rxe4 Qc6 34. Rce1 Qe6 35. Rc1 Nf5 36. Rce1 Rd3 37. Qg2 b5 38. Rc1 b6 39. Kh2 Qg6 40. Rce1 h5 41. Rc1 Qe6 42. Kg1 1/2-1/2

[Event "11th Chennai Open-GM 2019"]
[Site "Chennai"]
[Date "2019.01.21"]
[Round "6"]
[White "Sarwat, Walaa"]
[Black "Pantsulaia, Levan"]
[Result "0-1"]
[ECO "B28"]
[WhiteElo "2265"]
[BlackElo "2597"]
[Annotator "ChessBase"]
[PlyCount "84"]
[EventDate "2019.01.18"]
[EventType "swiss"]
[EventCountry "IND"]
[SourceTitle "playchess.com"]
[Source "ChessBase"]
[SourceQuality "1"]
[TimeControl "5400+30"]

1. e4 c5 2. Nf3 a6 3. c4 e6 4. d4 cxd4 5. Nxd4 Nf6 6. Nc3 Bb4 7. Bd3 Qc7 8. O-O Nc6 9. Nxc6 dxc6 10. Qb3 Ng4 11. g3 Bc5 12. Na4 Bd4 13. c5 h5 14. Be2 Rb8 15. Kg2 e5 16. f3 Nf6 17. Be3 Be6 18. Qa3 Rd8 19. Rad1 h4 20. Rh1 hxg3 21. hxg3 Rxh1 22. Kxh1 Bxa2 23. Bxd4 exd4 24. Kg2 Be6 25. Qb4 a5 26. Qb6 Qe5 27. Qxa5 b5 28. Rh1 Ke7 29. Nb6 d3 30. Bd1 Qxb2+ 31. Kf1 Qc1 32. Kg2 Qxc5 33. Re1 d2 34. Rh1 g5 35. Rh6 g4 36. e5 Qxe5 37. Qa3+ c5 38. fxg4 Nxg4 39. Rxe6+ Qxe6 40. Qxc5+ Kf6 41. Qc3+ Kg6 42. Bc2+ f5 0-1

[Event "11th Chennai Open-GM 2019"]
[Site "Chennai"]
[Date "2019.01.21"]
[Round "6"]
[White "Sai Vishwesh.C"]
[Black "Popov, Ivan"]
[Result "0-1"]
[ECO "B21"]
[WhiteElo "2250"]
[BlackElo "2588"]
[Annotator "ChessBase"]
[PlyCount "64"]
[EventDate "2019.01.18"]
[EventType "swiss"]
[EventCountry "IND"]
[SourceTitle "playchess.com"]
[Source "ChessBase"]
[SourceQuality "1"]
[TimeControl "5400+30"]

1. e4 c5 2. d4 cxd4 3. c3 dxc3 4. Nxc3 Nc6 5. Nf3 d6 6. Bc4 a6 7. O-O Nf6 8. Qe2 Bg4 9. Rd1 e6 10. Bf4 Nh5 11. Be3 Ne5 12. Nxe5 Bxe2 13. Bxe2 Nf6 14. Nc4 b5 15. e5 bxc4 16. exf6 gxf6 17. Bf3 d5 18. Nxd5 exd5 19. Bxd5 Rc8 20. Bb7 Qc7 21. Bxc8 Qxc8 22. Re1 Be7 23. Bd2 Qb7 24. Rac1 Rg8 25. g3 Rg4 26. Bc3 Kf8 27. a3 Re4 28. Red1 h5 29. h4 f5 30. Rd2 f4 31. Rcd1 fxg3 32. fxg3 Qc7 0-1

[Event "11th Chennai Open-GM 2019"]
[Site "Chennai"]
[Date "2019.01.21"]
[Round "6"]
[White "Kurbonboeva, Sarvinoz"]
[Black "Deepan Chakkravarthy J."]
[Result "1/2-1/2"]
[ECO "A40"]
[WhiteElo "2214"]
[BlackElo "2543"]
[Annotator "ChessBase"]
[PlyCount "80"]
[EventDate "2019.01.18"]
[EventType "swiss"]
[EventCountry "IND"]
[SourceTitle "playchess.com"]
[Source "ChessBase"]
[SourceQuality "1"]
[TimeControl "5400+30"]

1. d4 Nf6 2. c4 e6 3. g3 Bb4+ 4. Bd2 a5 5. Bg2 O-O 6. Nf3 d6 7. O-O Bxd2 8. Qxd2 Qe7 9. Nc3 c6 10. e4 e5 11. c5 dxc5 12. dxe5 Ng4 13. Qd6 Re8 14. Rfd1 Nd7 15. Qxe7 Rxe7 16. Na4 g6 17. Rac1 c4 18. Bh3 h5 19. Rd6 b5 20. Nc3 Bb7 21. e6 fxe6 22. Nd4 Nde5 23. f3 c5 24. Nxe6 Nxf3+ 25. Kg2 b4 26. Kxf3 bxc3 27. Rxc3 Rae8 28. Nxc5 Bxe4+ 29. Nxe4 Rxe4 30. Rd2 Kg7 31. Bxg4 hxg4+ 32. Kf2 Kh6 33. Rdc2 Rf8+ 34. Kg2 Rc8 35. Kf2 Kg5 36. b3 Rf8+ 37. Kg2 cxb3 38. axb3 Rf5 39. Rc5 Rb4 40. Rxf5+ gxf5 1/2-1/2

[Event "11th Chennai Open-GM 2019"]
[Site "Chennai"]
[Date "2019.01.21"]
[Round "6"]
[White "Vinoth Kumar, M.."]
[Black "Tran, Tuan Minh"]
[Result "0-1"]
[ECO "A00"]
[WhiteElo "2105"]
[BlackElo "2541"]
[Annotator "RC"]
[PlyCount "82"]
[EventDate "2019.01.18"]
[EventType "swiss"]
[EventCountry "IND"]
[SourceTitle "playchess.com"]
[Source "ChessBase"]
[SourceQuality "1"]
[TimeControl "5400+30"]

1. g3 Nf6 2. Bg2 e5 3. d3 d5 4. Nd2 c6 5. e4 Bd6 6. Nh3 O-O 7. f3 a5 8. O-O a4 9. Kh1 a3 10. b3 Na6 11. Nb1 Nc7 12. c3 Nb5 13. Qc2 Qe7 14. Nf2 Re8 15. Nd1 h6 16. g4 d4 17. cxd4 Nxd4 18. Qf2 Ne6 19. Nbc3 Bc5 20. Qg3 Rd8 21. Nf2 Nf4 22. Bxf4 exf4 23. Qxf4 Bd6 24. Qd2 Qe5 25. f4 Qxf4 26. Qxf4 Bxf4 27. h3 Be6 28. Ne2 Be5 29. Rab1 c5 30. Rfc1 Rac8 31. Bf1 b5 32. Ng1 Nd7 33. Nf3 Bf4 34. Rc2 Ne5 35. Ne1 Nc6 36. Rxc5 Be3 37. Rc2 Nd4 38. Rxc8 Rxc8 39. Kg2 Rc1 40. Rxc1 Bxc1 41. Nd1 b4 0-1

[Event "11th Chennai Open-GM 2019"]
[Site "Chennai"]
[Date "2019.01.21"]
[Round "6"]
[White "Siddarth, M."]
[Black "Laxman, R.R."]
[Result "1/2-1/2"]
[ECO "C95"]
[WhiteElo "2040"]
[BlackElo "2421"]
[Annotator "RC"]
[PlyCount "74"]
[EventDate "2019.01.18"]
[EventType "swiss"]
[EventCountry "IND"]
[SourceTitle "playchess.com"]
[Source "ChessBase"]
[SourceQuality "1"]
[TimeControl "5400+30"]

1. e4 e5 2. Nf3 Nc6 3. Bb5 a6 4. Ba4 Nf6 5. O-O Be7 6. Re1 b5 7. Bb3 O-O 8. c3 d6 9. h3 Nb8 10. d4 Nbd7 11. Nbd2 Bb7 12. Bc2 Re8 13. Nf1 Bf8 14. Ng3 c6 15. Nf5 Qc7 16. Bg5 h6 17. dxe5 dxe5 18. Bh4 g6 19. Ne3 Bg7 20. Qe2 c5 21. Ng4 Nxg4 22. hxg4 c4 23. Rad1 Nc5 24. Rd2 g5 25. Bg3 Rad8 26. Nd4 Qd7 27. Nb3 Qe7 28. Nxc5 Qxc5 29. Red1 Rxd2 30. Qxd2 Bc8 31. Qe2 Be6 32. a3 Bf6 33. Kf1 Rd8 34. f3 Rxd1+ 35. Qxd1 Be7 36. Bf2 Qc7 37. Qd2 Kg7 1/2-1/2

[Event "11th Chennai Open-GM 2019"]
[Site "Chennai"]
[Date "2019.01.21"]
[Round "6"]
[White "Barath Kalyan M"]
[Black "Czebe, Attila"]
[Result "0-1"]
[ECO "A47"]
[WhiteElo "2004"]
[BlackElo "2418"]
[Annotator "ChessBase"]
[PlyCount "62"]
[EventDate "2019.01.18"]
[EventType "swiss"]
[EventCountry "IND"]
[SourceTitle "playchess.com"]
[Source "ChessBase"]
[SourceQuality "1"]
[TimeControl "5400+30"]

1. d4 Nf6 2. Nf3 b6 3. Bf4 Bb7 4. e3 Nh5 5. Bg3 Nxg3 6. hxg3 d6 7. Bd3 g6 8. Nbd2 Bg7 9. c3 Nd7 10. Qb3 e5 11. Be4 c6 12. Nc4 Qc7 13. dxe5 dxe5 14. O-O-O O-O 15. Nd6 Nc5 16. Qc2 Ba6 17. b4 Nxe4 18. Qxe4 Rfd8 19. Nc4 Rxd1+ 20. Rxd1 f5 21. Qh4 e4 22. Ng5 h6 23. Ne6 Qf7 24. Rd8+ Rxd8 25. Qxd8+ Kh7 26. Nxg7 Qxc4 27. Qf6 Qf1+ 28. Kb2 Qe2+ 29. Kb1 Bd3+ 30. Ka1 Qc2 31. Ne8 Qc1# 0-1

[Event "11th Chennai Open-GM 2019"]
[Site "Chennai"]
[Date "2019.01.23"]
[Round "8"]
[White "Gajek, Radoslaw"]
[Black "Saravanan, V.."]
[Result "1/2-1/2"]
[ECO "E63"]
[WhiteElo "2481"]
[BlackElo "2318"]
[Annotator "ChessBase"]
[PlyCount "173"]
[EventDate "2019.01.18"]
[EventType "swiss"]
[EventCountry "IND"]
[SourceTitle "playchess.com"]
[Source "ChessBase"]
[SourceQuality "1"]
[TimeControl "5400+30"]

1. Nf3 Nf6 2. c4 g6 3. Nc3 Bg7 4. g3 O-O 5. Bg2 d6 6. O-O Nc6 7. d4 a6 8. d5 Na5 9. Nd2 c5 10. a3 Bd7 11. b4 cxb4 12. axb4 Nxc4 13. Nxc4 Qc7 14. Qb3 Rac8 15. Nxd6 Qxc3 16. Qxc3 Rxc3 17. Nxb7 Bb5 18. Nc5 Rc2 19. Ra5 Bxe2 20. Re1 Ng4 21. Be4 Bc3 22. Bxc2 Bxe1 23. Nd3 Bxd3 24. Bxd3 Nxf2 25. Bxa6 Bxb4 26. Ra4 Bc5 27. Ba3 Nd3+ 28. Kf1 Bxa3 29. Bxd3 Bd6 30. Be4 Rb8 31. Ra2 h5 32. Bf3 Kg7 33. Kg2 Rb3 34. Re2 Kh6 35. Be4 Kg5 36. Bf3 Ra3 37. Re4 Rc3 38. Re2 h4 39. gxh4+ Kxh4 40. Re4+ Kg5 41. Be2 Rc2 42. h4+ Kh6 43. Kf1 Rd2 44. Bf3 Bg3 45. Kg1 f5 46. Rxe7 Bxh4 47. Re6 Bf2+ 48. Kh1 Bg3 49. Re2 Rd3 50. Kg2 Bf4 51. Re6 Kg7 52. Re7+ Kf6 53. Re6+ Kg5 54. Kf2 Rd4 55. Kf1 Kh6 56. Kg2 Kg7 57. Re7+ Kf6 58. Re6+ Kf7 59. Kf1 Bg5 60. Rb6 Be7 61. Ke2 g5 62. Bh5+ Kf8 63. Rb8+ Kg7 64. Rb7 Kh6 65. Bf7 Bc5 66. Be6 Kg6 67. Rf7 Rf4 68. Rc7 Bb4 69. Rc8 Kf6 70. Ke3 Bd6 71. Rd8 Bc5+ 72. Ke2 g4 73. Rg8 Ke5 74. Rg5 Kf6 75. Rg8 Bd6 76. Rd8 Ke5 77. Rg8 Bc5 78. Rg5 Kf6 79. Rg8 Ra4 80. Kf1 Bd6 81. Rd8 Ra6 82. Rd7 Be7 83. Bxf5 Kxf5 84. Rxe7 Rd6 85. Kg2 Rxd5 86. Rf7+ Kg6 87. Rf8 1/2-1/2

[Event "11th Chennai Open-GM 2019"]
[Site "Chennai"]
[Date "2019.01.23"]
[Round "8"]
[White "Sahoo, Utkal Ranjan"]
[Black "Senthil Maran K"]
[Result "1-0"]
[ECO "D31"]
[WhiteElo "2388"]
[BlackElo "2183"]
[Annotator "NA"]
[PlyCount "127"]
[EventDate "2019.01.18"]
[EventType "swiss"]
[EventCountry "IND"]
[SourceTitle "playchess.com"]
[Source "ChessBase"]
[SourceQuality "1"]
[TimeControl "5400+30"]

1. d4 d5 2. c4 e6 3. Nc3 c6 4. cxd5 exd5 5. Nf3 Bd6 {LiveBook: 123 Games} 6. Bg5 Ne7 7. e3 Bf5 8. a3 {[%emt 0:14:18] D31: Queen's Gambit Declined: Semi-Slav without ...Nf6 (+ Marshall Gambit and Noteboom) and Exchange Variation lines without ...Nf6} (8. Bd3 Bxd3 9. Qxd3 Nd7 10. O-O f6 11. Bh4 Ng6 12. Bg3 Bxg3 13. hxg3 {½-½ (13) Hulak,K (2557)-Pavasovic,D (2586) Celje 2003}) 8... O-O 9. Nh4 $146 ({Predecessor:} 9. Bh4 Nd7 10. Bd3 Bxd3 11. Qxd3 a5 12. O-O Re8 13. b3 Nb6 {0-1 (31) Yee,L (2185)-O'Donnell,T (2357) Sackville 2001}) 9... f6 10. Bf4 Bxf4 11. exf4 Qd6 12. Qd2 Nd7 13. Be2 Be4 14. O-O Rae8 15. Rfe1 Ng6 16. Bh5 Nxh4 17. Bxe8 Rxe8 18. f3 f5 19. fxe4 fxe4 20. Rf1 $17 ({Better is} 20. Ne2 $15) 20... Qh6 (20... Nf5 $17) 21. Nd1 Re6 22. Ne3 Rg6 23. Kh1 Nf6 24. Qa5 Kh8 25. Qd8+ Ng8 26. Qc8 Rd6 27. Qxb7 Qh5 28. Qc8 Qe2 29. Rae1 Qd2 30. Qg4 Rh6 31. Re2 Qxd4 32. g3 Nf3 33. Nf5 Qf6 34. Nxh6 Qxh6 35. Rxf3 exf3 36. Qxf3 Qg6 37. f5 Qf6 38. Kg2 h6 39. g4 Qd4 40. h3 Nf6 41. Qc3 Qf4 42. Qe3 Qc4 43. b3 Qa6 44. a4 Ne4 45. Rc2 Qb7 46. h4 Qd7 47. Qf4 Qb7 48. Qf3 Qe7 49. Rxc6 Qxh4 50. Rc8+ Kh7 51. f6 Qxf6 52. Qxf6 Nxf6 53. Kf3 Ne4 54. Ke3 Kg6 55. Rc7 a5 56. Ra7 Nc5 57. Rxa5 d4+ 58. Ke2 d3+ 59. Kd1 Nxb3 60. Rf5 Nd4 61. a5 Nc6 62. a6 Na7 63. Kd2 Nc6 64. Rc5 1-0

[Event "11th Chennai Open-GM 2019"]
[Site "Chennai"]
[Date "2019.01.23"]
[Round "8"]
[White "Siddarth, M."]
[Black "Deviatkin, Andrei"]
[Result "0-1"]
[ECO "B17"]
[WhiteElo "2040"]
[BlackElo "2461"]
[Annotator "ChessBase"]
[PlyCount "138"]
[EventDate "2019.01.18"]
[EventType "swiss"]
[EventCountry "IND"]
[SourceTitle "playchess.com"]
[Source "ChessBase"]
[SourceQuality "1"]
[TimeControl "5400+30"]

1. e4 c6 2. d4 d5 3. Nc3 dxe4 4. Nxe4 Nd7 5. Nf3 Ngf6 6. Bd3 Nxe4 7. Bxe4 Nf6 8. Bd3 Bg4 9. c3 Qd5 10. h3 Bxf3 11. Qxf3 Qxf3 12. gxf3 e6 13. a4 a5 14. Rg1 g6 15. Bf4 Nd5 16. Be5 Rg8 17. O-O-O Bg7 18. Bg3 O-O-O 19. Kc2 Rd7 20. Bc4 Rgd8 21. Rge1 Bf6 22. Bb3 Ne7 23. Kb1 b6 24. Bc4 Kb7 25. Kc2 Nd5 26. Bd3 Be7 27. Bc4 Rg8 28. Kb1 Bd8 29. Bb3 Bc7 30. Bc4 h6 31. Bb3 Rgd8 32. Bh4 Rg8 33. Bg3 Ne7 34. Bc2 Rf8 35. Bd3 Nd5 36. Kc2 Nf6 37. Rg1 Nh5 38. Rde1 Bd6 39. Bc4 Kc7 40. Re2 Rfd8 41. Bh4 g5 42. Bg3 Nf4 43. Bxf4 Bxf4 44. Rd1 e5 45. Rd3 exd4 46. Rxd4 Rxd4 47. cxd4 Rxd4 48. Bxf7 Rxa4 49. Re7+ Kd8 50. Re6 Rc4+ 51. Kb1 Rc1+ 52. Ka2 Rc2 53. Kb1 Rc1+ 54. Ka2 Kc7 55. Re7+ Kd6 56. Re6+ Kc5 57. Rxh6 b5 58. Re6 a4 59. Re4 Rc2 60. h4 Rxf2 61. hxg5 Bc1 62. Re5+ Kb6 63. Kb1 Bxb2 64. Re6 Bd4 65. g6 a3 66. Rd6 Rb2+ 67. Ka1 Bg7 68. Bd5 Rd2+ 69. Kb1 Rxd5 0-1